 Dungeon Crawl Stone Soup version 0.26-a0-149-g49b1be5409 (webtiles) character file.

Game seed: 10976024282170508649

25 Gargoyl the Skirmisher (level 2, 0/26 HPs)
             Began as a Centaur Abyssal Knight on June 30, 2020.
             Was a Follower of Lugonu.
             Succumbed to an adder's poison
             ... on level 1 of the Dungeon.
             The game lasted 00:01:34 (1518 turns).

Gargoyl the Skirmisher (Centaur Abyssal Knight)     Turns: 1518, Time: 00:01:34

Health: 0/26       AC:  7    Str: 13 (14) XL:     2   Next: 86%
Magic:  3/3        EV:  3    Int:  8 (11) God:    Lugonu [*.....]
Gold:   13         SH:  0    Dex:  6 (8)  Spells: 1/1 levels left

rFire    . . .     SeeInvis .   a - +1 hand axe
rCold    . . .     Faith    .   (no shield)
rNeg     . . .     Spirit   .   d - +0 chain mail
rPois    .         Reflect  .   (no helmet)
rElec    .         Harm     .   (no cloak)
rCorr    .                      (no gloves)
MR       .....                  (no barding)
Stlth    ..........             (no amulet)
HPRegen  0.08/turn              (no ring)
MPRegen  0.08/turn              (no ring)

@: mighty, lethally poisoned (0 -> -20), stab, very quick
A: large, hooves 3, deformed body, speed 2, tough skin 3
a: Depart the Abyss, Renounce Religion


You were on level 1 of the Dungeon.
You worshipped Lugonu.
Lugonu was aware of your devotion.
You were not hungry.

You visited 1 branch of the dungeon, and saw 2 of its levels.
You visited the Abyss 1 time.

You collected 13 gold pieces.

Inventory:

Hand Weapons
 a - a +1 hand axe (weapon)
Armour
 d - a +0 chain mail (worn)
 l - a +0 cloak
Scrolls
 e - 2 scrolls of teleportation {unknown}
 h - a scroll of identify
 k - a scroll of magic mapping {unknown}
Comestibles
 c - 2 rations
 f - 3 chunks of flesh


   Skills:
 + Level 3.3 Fighting
 + Level 2.1 Axes
 * Level 1.7 Armour
 * Level 0.9 Dodging
 * Level 2.2 Invocations


You had one spell level left.
You didn't know any spells.
Your spell library was empty.

Dungeon Overview and Level Annotations

Branches:
Dungeon (2/15)

Altars:


Innate Abilities, Weirdness & Mutations

You have hooves in place of feet.
Armour fits poorly on your strangely shaped body.
You cover ground very quickly.
You have extremely tough skin. (AC +3)


Message History

* * * LOW HITPOINT WARNING * * *
You are more poisoned.
The adder poisons you! The kobold hits you but does no damage.
It was a potion of might.
You feel very mighty all of a sudden.
* * * LOW HITPOINT WARNING * * *
You feel sick. The adder barely misses you.
The adder bites you but does no damage. The kobold hits you but does no damage.
The adder bites you but does no damage.
You slash the adder!
The adder is severely wounded.
You closely miss the adder. You hit the kobold.
* * * LOW HITPOINT WARNING * * *
You feel sick.
The adder bites you but does no damage. x2
The kobold hits you but does no damage. The adder barely misses you.
Unknown command.
Your chain mail prevents you from hitting the adder.
The adder is severely wounded.
You barely miss the kobold. You miss the adder.
You die...

######## #######
#####......# ......#
#.....KS##.# #####.#
#.###.#@##.# ### #.##
#.###.#S##.#
#.###..###.##..(....#
...............#.#..#
#####
#.##.....#.###.#.#..#
#....
#####...##.###.#.#..##
#.###
#####..###...........#
#.# .......#
#######.....# #.#
######.# #.....# #.#


You could see 2 adders and a kobold.

Vanquished Creatures
  A dart slug (D:1)
  A leopard gecko (D:1)
  2 giant cockroaches (D:1)
  A goblin (D:1)
  A hobgoblin (D:1)
  7 jackals
  3 bats
  4 rats
20 creatures vanquished.

Notes
Turn   | Place    | Note
-------+----------+-------------------------------------------
     0 | Abyss:1  | Gargoyl the Centaur Abyssal Knight began the quest for the
                  | Orb.
     0 | Abyss:1  | Reached XP level 1. HP: 19/19 MP: 2/2
    99 | Abyss:1  | Noticed a shadow demon
   100 | Abyss:1  | Noticed a chaos spawn
   102 | Abyss:1  | Noticed an orange demon
   102 | Abyss:1  | Noticed a soul eater
   102 | Abyss:1  | Noticed a sixfirhy
   113 | D:1      | Escaped the Abyss
   543 | D:1      | Reached XP level 2. HP: 26/26 MP: 3/3
   789 | D:1      | Reached * piety under Lugonu
  1517 | D:1      | HP: 1/26 [poisoned by an adder]
  1518 | D:1      | Succumbed to an adder's poison

Illustrated notes

Levels and vault maps discovered:
D:1:      nagdon_arrival_double_spiral, layout_loops_corners,
          kennysheep_flooded_box
D:2:      layout_rooms, first_ration

Skill      XL: |  1  2 |
---------------+-------+-----
Axes           | 2 |  2.1
Fighting       | |  3.3
Armour         | |  1.7
Dodging        | |  0.9
Invocations    | |  2.2

Action                   || total
-------------------------++-------
Melee: Hand axe          ||    64
       Kick              ||     4
Invok: Depart the Abyss  ||     1
  Use: Potion            ||     5
       Scroll            ||     1
  Eat: Chunk             ||     1
Armor: Chain mail        ||   109
Dodge: Dodged            ||    25

Table legend:
 A = Non-vault XP
 B = Vault XP
 C = Vault XP percentage of total XP
 D = Non-vault monster count
 E = Vault monster count
 F = Vault count percentage of total count
                 A         B        C        D         E       F
            +---------+---------+-------+---------+---------+-------
      Total |      37 |       0 |   0.0 |      20 |       0 |   0.0
            +---------+---------+-------+---------+---------+-------
        D:1 |      31 |       0 |   0.0 |      16 |       0 |   0.0
        D:2 |       6 |       0 |   0.0 |       4 |       0 |   0.0
            +---------+---------+-------+---------+---------+-------
